 Dungeon Sprint DCSS version 0.17-a0-1210-g1e4f09d (webtiles) character file.

688 Kidiri the Covert (level 7, -3/38 HPs)
             Began as a Spriggan Assassin on June 4, 2015.
             Was a High Priest of Dithmenos.
             Incinerated by a hell hog (5 damage)
             ... with a sticky flame
             ... in the Dungeon (Sprint VII: "The Pits").
             The game lasted 00:11:33 (1261 turns).

Kidiri the Covert (Spriggan Assassin)               Turns: 1261, Time: 00:11:33

Health: -3/38      AC:  3    Str:  7    XL:     7   Next: 36%
Magic:  9/10       EV: 28    Int: 13    God:    Dithmenos [*****.]
Gold:   0          SH:  0    Dex: 19    Spells: 0 memorised, 6 levels left

rFire  . . .     SeeInvis +     i - +2 dagger (drain)
rCold  . . .     Clarity  .     c - +0 robe
rNeg   . . .     SustAt   .     (shield restricted)
rPois  .         Gourm    .     (helmet restricted)
rElec  .         Spirit   .     d - +0 cloak
rCorr  .         Warding  .     (gloves unavailable)
rMut   .         NoTele   +     (boots unavailable)
MR     +....                    (no amulet)
Stlth  +++.......               (no ring)
                                (no ring)

@: liquid flames, very slightly contaminated, glowing, very quick, somewhat
resistant to hostile enchantments, fairly stealthy
A: unfitting armour, see invisible, herbivore 3, speed 3, slow metabolism 2
a: Shadow Step, Shadow Form, Renounce Religion


You were in the Dungeon.
You worshipped Dithmenos.
Dithmenos was extremely pleased with you.
You were not hungry.

You visited 1 branch

Inventory:

Hand weapons
 a - a +2 dagger
 b - a +0 blowgun
 i - a +2 dagger of draining (weapon)
Missiles
 e - 3 poisoned needles
 f - 2 curare-tipped needles
Armour
 c - a +0 robe (worn)
 d - a +0 cloak (worn)
Scrolls
 p - 3 scrolls of remove curse
 q - 5 scrolls of amnesia
 r - a scroll of summoning
Potions
 h - 6 potions of curing
 j - a potion of haste
 k - 4 potions of magic
 l - 3 potions of berserk rage
 o - 2 potions of invisibility
 s - 2 potions of heal wounds
Comestibles
 g - 8 bread rations
 n - 40 fruits


   Skills:
 + Level 4.7 Fighting
 * Level 8.7 Short Blades
 + Level 6.4 Throwing
 * Level 11.2 Dodging
 * Level 13.0 Stealth
 + Level 3.0 Invocations


You had 6 spell levels left.
You didn't know any spells.

Dungeon Overview and Level Annotations

Branches:
Dungeon (1/1)

Altars:
Ashenzari
Cheibriados
Dithmenos
Elyvilon
Fedhas
Gozag
Kikubaaqudgha
Makhleb
Nemelex Xobeh
Okawaru
Qazlal
Ru
Sif Muna
Trog
Vehumet
Xom
Yredelemnul
Zin
The Shining One
Beogh
Jiyva
Lugonu


Innate Abilities, Weirdness & Mutations

You are tiny and cannot use many weapons and most armour.
You have supernaturally acute eyesight.
You are a herbivore.
You cover ground extremely quickly.
You need consume almost no food.


Message History

You are covered in liquid flames!
* * * LOW HITPOINT WARNING * * *
You are covered in liquid flames!
* * * LOW HITPOINT WARNING * * *
You are covered in liquid flames!
* * * LOW HITPOINT WARNING * * *
Drink which item? (? for menu, Esc to quit)
You feel much better.
You are covered in liquid flames!
The hell hog bites you!
* * * LOW HITPOINT WARNING * * *
Drink which item? (? for menu, Esc to quit)
Okay, then.
Read which item? (? for menu, Esc to quit)
Blink to where?
Press: ? - help, Dir - move target cursor, p - hell hog You are very lightly contaminated with residual magic.
As you read the scroll of blinking, it crumbles to dust.
You are covered in liquid flames!
You die...

############ #__________#
#__________#
#.#####+##############++####
#_#)))+.+%.##...............
#_#)))#.#?(##......#..#.....
#######+#####...............
#§§hh§....)@)...............
#§#####+#####......#..#.....
#.#..#..)+.##...............
#h#..#...#.#####'#####++####
#†#..#####.##.......#
#†#..+...#.##.......#
#.#..+...+.##.......#
#(#..########...<...#
#.#..+[))).##.......#


You could see a hell hog.

Vanquished Creatures
  A fire drake (D)
  A hungry ghost (D)
  An ice beast (D)
  A sky beast (D)
  A jelly (D)
  A gnoll shaman (D)
  7 gnolls (D)
  An adder (D)
  A ball python (D)
  A bat (D)
  2 giant cockroaches (D)
  A goblin (D)
  A quokka (D)
  2 giant newts (D)
  6 jackals (D)
  2 rats (D)
30 creatures vanquished.

Notes
Turn   | Place    | Note
--------------------------------------------------------------
     0 | D        | Kidiri the Spriggan Assassin began the quest for the Orb.
     0 | D        | Reached XP level 1. HP: 10/10 MP: 2/2
    15 | D        | Reached skill level 1 in Short Blades
    15 | D        | Reached skill level 6 in Stealth
    43 | D        | Found a sacrificial altar of Ru.
    43 | D        | Found a basalt altar of Yredelemnul.
    43 | D        | Found a shadowy altar of Dithmenos.
    43 | D        | Found a deep blue altar of Sif Muna.
    43 | D        | Found a burning altar of Makhleb.
    43 | D        | Found a shimmering altar of Xom.
    43 | D        | Found an ancient bone altar of Kikubaaqudgha.
    43 | D        | Found a sparkling altar of Nemelex Xobeh.
    44 | D        | Found a glowing golden altar of the Shining One.
    44 | D        | Found a bloodstained altar of Trog.
    44 | D        | Found a shattered altar of Ashenzari.
    44 | D        | Found a white marble altar of Elyvilon.
    44 | D        | Found a snail-covered altar of Cheibriados.
    44 | D        | Found a blossoming altar of Fedhas.
    44 | D        | Found a radiant altar of Vehumet.
    44 | D        | Found a glowing silver altar of Zin.
    44 | D        | Found a corrupted altar of Lugonu.
    44 | D        | Found a viscous altar of Jiyva.
    44 | D        | Found a roughly hewn altar of Beogh.
    44 | D        | Found an iron altar of Okawaru.
    49 | D        | Became a worshipper of Dithmenos the Shadowed
    53 | D        | Found a stormy altar of Qazlal.
    53 | D        | Found an opulent altar of Gozag.
    74 | D        | Reached XP level 2. HP: 15/15 MP: 3/3
   189 | D        | Noticed a gnoll shaman
   207 | D        | Acquired Dithmenos's first power
   223 | D        | Reached skill level 7 in Stealth
   240 | D        | Reached XP level 3. HP: 14/18 MP: 4/4
   335 | D        | Reached skill level 5 in Dodging
   356 | D        | Killed a gnoll shaman
   356 | D        | Acquired Dithmenos's second power
   356 | D        | Reached skill level 8 in Stealth
   356 | D        | Reached XP level 4. HP: 10/23 MP: 5/5
   819 | D        | Noticed a sky beast
   838 | D        | Killed a sky beast
   838 | D        | Reached skill level 10 in Stealth
   838 | D        | Reached XP level 5. HP: 26/28 MP: 6/6
   873 | D        | Acquired Dithmenos's third power
   983 | D        | Noticed an ice beast
  1026 | D        | Killed an ice beast
  1026 | D        | Reached skill level 5 in Throwing
  1026 | D        | Reached skill level 11 in Stealth
  1026 | D        | Reached XP level 6. HP: 31/33 MP: 7/7
  1027 | D        | Acquired Dithmenos's fourth power
  1072 | D        | Noticed a hungry ghost
  1074 | D        | Killed a hungry ghost
  1074 | D        | Reached skill level 10 in Dodging
  1074 | D        | Reached skill level 1 in Invocations
  1076 | D        | Noticed a fire drake
  1078 | D        | Killed a fire drake
  1078 | D        | Reached skill level 12 in Stealth
  1078 | D        | Reached XP level 7. HP: 36/38 MP: 7/10
  1096 | D        | Noticed a jelly
  1100 | D        | Killed a jelly
  1108 | D        | Reached skill level 13 in Stealth
  1215 | D        | Noticed a black bear
  1215 | D        | Noticed a hell hog
  1215 | D        | Noticed a hell hog
  1215 | D        | Noticed a soldier ant
  1259 | D        | HP: 1/38 [burnt (3)]
  1261 | D        | Incinerated by a hell hog

Vault maps used:
D:        pitsprint

Action                   |  1- 3 |  4- 6 |  7- 9 || total
-------------------------+-------+-------+-------++-------
Melee: Dagger            |    24 |    64 |    16 ||   104
 Fire: Blowgun           |    12 |     8 |     3 ||    23
Invok: Shadow Step       |       |       |     1 ||     1
  Use: Potion            |       |     1 |     3 ||     4
       Scroll            |       |       |     1 ||     1
 Stab: Sleeping          |     5 |     4 |     2 ||    11
       Distracted        |       |     2 |       ||     2
